 Dungeon Crawl Stone Soup version 0.30.1-11-g7821555f0a (webtiles) character file.

Game seed: 9190728315995074683

313 MrIGI the Ruffian (level 6, -4/61 HPs)
             Began as a Troll Fighter on Jan 3, 2024.
             Slain by Edmund
             ... wielding a +2 flail of holy wrath
              (7 damage)
             ... on level 4 of the Dungeon.
             The game lasted 00:07:09 (2750 turns).

MrIGI the Ruffian (Troll Fighter)                   Turns: 2750, Time: 00:07:10

Health: -4/61      AC:  4    Str: 27    XL:     6   Next: 19%
Magic:  5/5        EV:  9    Int:  4    God:
Gold:   117        SH:  8    Dex:  9    Spells: 5/5 levels left

rFire   . .          .
                       - Unarmed
rCold   . . .        b - +0 kite shield
rNeg    . . .        n - +0 robe
rPois   .            (helmet restricted)
rElec   .            (no cloak)
rCorr   .            (gloves unavailable)
SInv    .            (boots unavailable)
Will    .....        (no amulet)
Stlth   +            (no ring)
HPRegen 1.10/turn    (no ring)
MPRegen 0.09/turn

%: no passive effects
@: no status effects
A: large, unfitting armour, claws 3, regeneration 1, shaggy fur 1, tough skin 1
a: no special abilities


You were on level 4 of the Dungeon.
You visited 1 branch of the dungeon, and saw 6 of its levels.

You collected 187 gold pieces.
You spent 70 gold pieces at shops.

Inventory:

Missiles
 j - 6 javelins (quivered)
Armour
 a - a +0 robe
 b - a +0 kite shield (worn)
 k - a +0 robe
 n - a +0 robe (worn)
Jewellery
 r - an amulet of the acrobat
Scrolls
 e - 3 scrolls of identify {unknown}
 h - 2 scrolls of blinking {unknown}
 i - a scroll of magic mapping {unknown}
 l - 2 scrolls of enchant armour {unknown}
 m - a scroll of torment {unknown}
 o - 3 scrolls of fear {unknown}
 q - 5 scrolls of teleportation
 v - a scroll of noise {unknown}
 w - a scroll of vulnerability {unknown}
Potions
 c - a potion of might
 d - a potion of flight {unknown}
 f - 3 potions of curing {unknown}
 g - a potion of lignification {unknown}
 p - a potion of haste {unknown}
 s - a potion of berserk rage
 t - a potion of brilliance {unknown}
 u - a potion of magic {unknown}


   Skills:
 + Level 3.3 Fighting
 + Level 3.3 Dodging
 + Level 3.6 Shields
 * Level 4.4 Unarmed Combat


You had 5 spell levels left.
You didn't know any spells.
Your spell library was empty.

Dungeon Overview and Level Annotations

Branches:
Dungeon (6/15)
 Temple: D:4-7

Altars:

Shops:
D:2 :   D:3 *

Annotations:
D:4 Edmund, Sigmund


Innate Abilities, Weirdness & Mutations

You are too large for most types of armour.
You have claws for hands.
Your natural rate of healing is unusually fast.
You are covered in fur. (AC +1)
You have tough skin. (AC +1)


Message History

Edmund hits you with a +2 flail of holy wrath.
You scratch Edmund but do no damage.
Edmund is heavily wounded.
Edmund hits you with a +2 flail of holy wrath!
You scratch Edmund but do no damage.
Edmund is heavily wounded.
You block Edmund's attack.
You scratch Edmund.
Edmund is heavily wounded.
Edmund hits you with a +2 flail of holy wrath.
You scratch Edmund.
Edmund is heavily wounded.
Edmund hits you with a +2 flail of holy wrath!
You scratch Edmund.
Edmund is severely wounded.
You block Edmund's attack. x2
You claw Edmund!
Edmund is almost dead.
Edmund hits you but does no damage.
You closely miss Edmund.
Edmund is almost dead.
Edmund hits you with a +2 flail of holy wrath!
* * * LOW HITPOINT WARNING * * *
You barely miss Edmund.
Edmund is almost dead.
Edmund says, "A flail is better than a scythe, any day of the week!"
Edmund hits you with a +2 flail of holy wrath.
* * * LOW HITPOINT WARNING * * *
Items here: )) ? ††.
Edmund attacks as you move away! Edmund hits you but does no damage.
You see here a +0 dagger.
Edmund attacks as you move away!
Edmund hits you with a +2 flail of holy wrath.
* * * LOW HITPOINT WARNING * * *
Edmund attacks as you move away!
Edmund hits you with a +2 flail of holy wrath.
* * * LOW HITPOINT WARNING * * *
Edmund attacks as you move away!
Edmund hits you with a +2 flail of holy wrath!
You die...

#......# #......#
#.######### ##.........#
#..........# #..........#
#..........# #..........#
... ##### ###@.........#
.....#...# ##.@......)...#
.....#...####..##.........#
.....#...##)).##..........#
.....#...#))####.......####
.....#....)## #.......#
.........### #.......#
.........# #########
.........#


You could see Edmund.

Vanquished Creatures
  A scorpion (D:5)
  3 orc wizards
  6 adders
  A worm (D:2)
  A dart slug (D:2)
  25 orcs
  7 ball pythons
  10 endoplasms
  2 giant cockroaches (D:3)
  8 goblins
  5 hobgoblins
  3 jackals (D:1)
  4 kobolds
  2 quokkas (D:2)
  2 bats
  3 frilled lizards
  9 rats
92 creatures vanquished.

Notes
Turn   | Place    | Note
-------+----------+-------------------------------------------
     0 | D:1      | MrIGI the Troll Fighter began the quest for the Orb.
     0 | D:1      | Reached XP level 1. HP: 22/22 MP: 0/0
    34 | D:1      | Reached XP level 2. HP: 29/29 MP: 1/1
   897 | D:2      | Found Nyufolod's Book Emporium.
   962 | D:2      | Reached XP level 3. HP: 36/36 MP: 2/2
  1103 | D:2      | Reached skill level 3 in Unarmed Combat
  1149 | D:2      | Reached XP level 4. HP: 41/44 MP: 3/3
  1514 | D:3      | Found Xuteepe's General Store.
  1533 | D:3      | Bought a potion of berserk rage for 70 gold pieces
  1840 | D:3      | Found a faded altar of an unknown god.
  2213 | D:3      | Reached XP level 5. HP: 49/53 MP: 4/4
  2303 | D:4      | You fall into a shaft and drop 2 floors!
  2311 | D:5      | Entered Level 5 of the Dungeon
  2437 | D:5      | Reached skill level 4 in Unarmed Combat
  2442 | D:5      | Noticed an ice beast
  2479 | D:4      | Noticed Sigmund
  2647 | D:4      | Reached XP level 6. HP: 47/61 MP: 5/5
  2715 | D:4      | Noticed Edmund
  2748 | D:4      | HP: 1/61 [Edmund/+2 flail of holy wrath (4)]
  2750 | D:4      | Slain by Edmund

Illustrated notes

Levels and vault maps discovered:
D:1:      erik_arrival_cave_to_civilisation [erik_arrival_cave_to_hall],
          layout_basic, grunt_decor_clamped
D:2:      layout_rooms, serial_shops, shop, kennysheep_potato
D:3:      layout_loops_corners, ebering_ecumenical_altar_rust, serial_shops,
          nicolae_diamond_shop
D:4:      layout_basic, minmay_temple_entry_drinking_statues,
          minmay_misc_feat_iff, uniq_sigmund, uniq_edmund, uniq_blork_the_orc
D:5:      layout_rooms, grunt_temple_overflow_order_and_chaos_1, uniq_pikel,
          uniq_menkaure
D:6:      layout_basic, chequers_serial_rivers_micro_e, hangedman_decor_points

Skill      XL: |  1  2  3  4  5 |
---------------+----------------+-----
Shields        | 3 |  3.6
Unarmed Combat | 3 4 |  4.4
Fighting       | 3 |  3.3
Dodging        | 3 |  3.3

Action                     |  1- 3 |  4- 6 || total
---------------------------+-------+-------++-------
  Melee: Unarmed           |    97 |   195 ||   292
    Use: Scroll            |       |     1 ||     1
   Stab: Sleeping          |     1 |       ||     1
 Armour: Robe              |    21 |    44 ||    65
  Dodge: Dodged            |    30 |    62 ||    92
  Block: Kite shield       |    34 |    67 ||   101
